[Event "Early-Titled-Tuesday-Blitz-February-20-2024"]
[Site "Chess.com"]
[Date "2024.02.20"]
[Round "9"]
[White "dimoni64"]
[Black "ChessBliss09"]
[Result "0-1"]
[WhiteElo "2085"]
[BlackElo "2167"]
[TimeControl "180+1"]
[EndTime "9:47:04 PST"]
[Termination "ChessBliss09 won by checkmate"]

1. c4 e5 2. Nc3 Nc6 3. g3 f5 4. Bg2 Nf6 5. d3 Bb4 6. Bd2 d6 7. e3 a5 8. Nge2 O-O 9. O-O Qe8 10. a3 Bxc3 11. Nxc3 Be6 12. Rc1 Qg6 13. Nd5 Qf7 14. Qb3 Rfb8 15. Nxf6+ Qxf6 16. Qb5 Bd7 17. Qd5+ Kh8 18.
c5 Be6 19. Qf3 d5 20. Bc3 g5 21. e4 d4 22. Bd2 g4 23. Qe2 f4 24. gxf4 exf4 25.
f3 Rg8 26. Kh1 Rg6 27. Rg1 Qh4 28. Bxf4 g3 29. h3 Qxf4 30. Qf1 Rh6 31. Rc2 Qh4 32. f4 Rg8 33. f5 Bf7 34. Qf3 Bh5 35. Qf1 Bg4 36.
Rf2 Bxh3 37. Bxh3 Qxh3+ 38. Rh2 Qxh2# 0-1

[Event "Early-Titled-Tuesday-Blitz-February-20-2024"]
[Site "Chess.com"]
[Date "2024.02.20"]
[Round "9"]
[White "CM_rui"]
[Black "Makswolf200817"]
[Result "0-1"]
[WhiteElo "2611"]
[BlackElo "2754"]
[TimeControl "180+1"]
[EndTime "9:47:05 PST"]
[Termination "Makswolf200817 won by checkmate"]

1. e4 c5 2. Nf3 d6 3. c3 Nf6 4. Be2 Bg4 5. O-O e6 6. h3 Bh5 7. Re1 Be7 8. d3 O-O 9. Be3 Nc6 10. Nbd2 h6 11. Rc1 a6 12. d4 cxd4 13. cxd4 Bg6 14. Bd3 d5 15. exd5 Bxd3 16. dxc6 bxc6 17. Rxc6 Qd5 18.
Rc3 Bh7 19. a3 Rab8 20. b4 Qb5 21. Ne5 Nd5 22. Rc1 Rbc8 23. Nb3 Qa4 24. Nc5 Qxa3 25. Ra1 Qxb4 26. Rxa6 Nxe3 27. Rxe3 Bxc5 28. dxc5 Qxc5 29. Qg4 Bf5 30. Qg3 Rc7 31. Ra1 Rd8 32. Kh2 Qd6 33.
f4 Qd4 34. Ra2 Be4 35. Rae2 Ba8 36. Ng4 Kf8 37. Ne5 Rc1 38. Rd3 Qg1# 0-1

[Event "Early-Titled-Tuesday-Blitz-February-20-2024"]
[Site "Chess.com"]
[Date "2024.02.20"]
[Round "9"]
[White "gpsji27"]
[Black "LiadCuba"]
[Result "1-0"]
[WhiteElo "2339"]
[BlackElo "2507"]
[TimeControl "180+1"]
[EndTime "9:47:05 PST"]
[Termination "gpsji27 won by checkmate"]

1. d4 d5 2. Nf3 Nf6 3. Bg5 Ne4 4. Bh4 c5 5. e3 Nc6 6. c3 Qb6 7. Nbd2 Qxb2 8. Nxe4 dxe4 9. Nd2 Bg4 10. f3 exf3 11.
gxf3 Bh5 12. Rb1 Qxc3 13. Bf2 cxd4 14. exd4 O-O-O 15. Rc1 Qa5 16. Rc5 Qc3 17. Rxc3 e6 18.
Qc2 Kd7 19. Bb5 Bd6 20. Bxc6+ bxc6 21. Rxc6 Rc8 22. Rxc8 Rxc8 23. Qa4+ Ke7 24. O-O Bg6 25. Re1 Rc7 26. Bg3 Bxg3 27. hxg3 h5 28. Nb3 Bc2 29.
Qb4+ Ke8 30. Qb8+ Kd7 31. Nc5+ Kc6 32. Rc1 h4 33. Rxc2 hxg3 34. Nxe6+ Kd5 35. Qxc7 Kxe6 36. Qe5+ Kd7 37. Rc7+ Kd8 38. Qe7# 1-0

[Event "Early-Titled-Tuesday-Blitz-February-20-2024"]
[Site "Chess.com"]
[Date "2024.02.20"]
[Round "9"]
[White "picturesquecheck"]
[Black "manitodeplomo"]
[Result "0-1"]
[WhiteElo "2448"]
[BlackElo "2631"]
[TimeControl "180+1"]
[EndTime "9:47:06 PST"]
[Termination "manitodeplomo won by checkmate"]

1. e4 c5 2. Nf3 e6 3. d4 cxd4 4. Nxd4 a6 5. c4 Nf6 6. Nc3 Qc7 7. Be2 Bb4 8. Qd3 d5 9. exd5 exd5 10. O-O dxc4 11. Qxc4 Qxc4 12. Bxc4 O-O 13. Bg5 Bxc3 14.
Bxf6 Bxb2 15. Rab1 Bxd4 16. Bxd4 Nc6 17. Ba1 Rd8 18.
Rfe1 b5 19. Bb3 Na5 20. Bd1 Be6 21. a4 Nc4 22. Bf3 Rab8 23. axb5 axb5 24. Rb4 Na3 25. Be4 Rdc8 26. Be5 Rb6 27. Bd4 Rd6 28. Bb2 Nc2 29. Bxc2 Rxc2 30. Rxb5 h6 31. Rb8+ Kh7 32. g3 Rdd2 33. Be5 Rxf2 34. Reb1 Rg2+ 35. Kf1 Bc4+ 36. Ke1 Rg1# 0-1

[Event "Early-Titled-Tuesday-Blitz-February-20-2024"]
[Site "Chess.com"]
[Date "2024.02.20"]
[Round "9"]
[White "DonMicheleCorleone"]
[Black "Felix-Rose"]
[Result "1-0"]
[WhiteElo "2517"]
[BlackElo "2278"]
[TimeControl "180+1"]
[EndTime "9:47:07 PST"]
[Termination "DonMicheleCorleone won on time"]

1. e4 e5 2. Nf3 Nc6 3. Bc4 Nf6 4. Ng5 d5 5. exd5 Na5 6. Bb5+ c6 7. dxc6 bxc6 8.
Qf3 Be7 9. Bd3 h6 10. Ne4 Nd5 11. Ng3 g6 12. O-O f5 13. Re1 e4 14. Nxe4 fxe4 15.
Bxe4 Qd6 16. d4 Bd7 17. Nc3 Nxc3 18. bxc3 O-O-O 19. Bf4 Qf6 20. Qg3 Rh7 21. Rab1 Nb7 22. Rxb7 Kxb7 23. Rb1+ Ka8 24. Be5 Qe6 25. Bxg6 Qxa2 26.
Rf1 Rhh8 27. Bxh8 Rxh8 28. Qe5 Rg8 29. Qxe7 Rxg6 30. Qd8+ Kb7 31. Qxd7+ Ka6 32. Qc8+ Kb6 33. Qb8+ Ka6 34. Rb1 1-0

[Event "Early-Titled-Tuesday-Blitz-February-20-2024"]
[Site "Chess.com"]
[Date "2024.02.20"]
[Round "9"]
[White "manipun1"]
[Black "BillCoe"]
[Result "1-0"]
[WhiteElo "2392"]
[BlackElo "2141"]
[TimeControl "180+1"]
[EndTime "9:47:08 PST"]
[Termination "manipun1 won by resignation"]

1. e4 c5 2. Nf3 e6 3. c4 Nc6 4. Nc3 a6 5. Be2 Be7 6. O-O d6 7. d4 cxd4 8. Nxd4 Nf6 9. Be3 O-O 10. Qd2 Bd7 11. Rfc1 Rc8 12. f3 Ne5 13. b3 Re8 14. a4 Qc7 15. a5 Qb8 16. Na4 Bxa4 17. Rxa4 Ng6 18. Raa1 d5 19. exd5 exd5 20. Nf5 Rcd8 21.
Nxe7+ Rxe7 22. Bb6 Rde8 23. Bf1 dxc4 24. Rxc4 Ne5 25.
Rc3 Nc6 26. Rd3 Qc8 27. Rd1 Qf5 28. b4 h6 29. Bc5 Re6 30. Rd6 Rxd6 31. Bxd6 Rd8 32.
Qc1 Qe6 33. Bc5 Rxd1 34. Qxd1 g6 35. Qd2 Kg7 36. b5 axb5 37. Bxb5 Qd5 38. Qxd5 Nxd5 39. Bxc6 bxc6 40. a6 Nc7 41. a7 Kf6 42. Kf2 Ke6 43. Ke3 Kd5 44. Bf8 h5 45. g4 hxg4 46. fxg4 c5 47.
h4 c4 48. h5 gxh5 49. gxh5 c3 50. h6 1-0

[Event "Early-Titled-Tuesday-Blitz-February-20-2024"]
[Site "Chess.com"]
[Date "2024.02.20"]
[Round "9"]
[White "szachuspl"]
[Black "mjelcic"]
[Result "1/2-1/2"]
[WhiteElo "2507"]
[BlackElo "2231"]
[TimeControl "180+1"]
[EndTime "9:47:09 PST"]
[Termination "Game drawn by repetition"]

1. d4 b6 2. c4 Bb7 3. Nc3 e6 4. f3 Nf6 5. e4 c5 6. d5 d6 7. Be3 e5 8. Bd3 Be7 9. Nge2 a6 10. a4 Bc8 11. O-O Bd7 12. Ra3 Qc7 13. h3 Qb7 14. f4 b5 15. axb5 axb5 16. cxb5 O-O 17. fxe5 dxe5 18. Bc4 Bd6 19. Qa1 Rxa3 20. bxa3 Nh5 21. a4 f5 22. exf5 Rxf5 23. Rxf5 Bxf5 24.
g4 Qf7 25. gxf5 Qxf5 26. Qf1 Qc2 27. a5 e4 28. a6 Ng3 29. Qf2 Nxe2+ 30. Bxe2 Qxc3 31.
a7 Qa1+ 32. Kg2 Qxa7 33. Qf5 Qe7 34. Qc8+ Qf8 35. Qe6+ Kh8 36. Qxe4 Nd7 37. Bg4 Ne5 38. Qf5 Qe8 39. Qc8 Qxc8 40. Bxc8 Nc4 41. Bc1 Kg8 42. Be6+ Kf8 43. Kf3 Ke7 44. Ke4 g6 45. Bg5+ Ke8 46. Bf6 Be7 47. d6 Nxd6+ 48. Kd5 Nxb5 49. Bb2 Nc7+ 50.
Ke5 Nxe6 51. Kxe6 c4 52. Bc3 g5 53. Kd5 h5 54. Kxc4 g4 55. hxg4 hxg4 56. Be5 Kf7 57. Kd5 Kg6 58. Ke4 Kg5 59. Bg3 Bc5 60. Kd3 Bg1 61. Ke2 Kf5 62. Kf1 Bd4 63. Kg2 Ke4 64. Bh4 Be5 65. Bg5 Kf5 66. Bh6 Bf4 67. Bg7 Ke4 68. Bf8 Kf5 69. Be7 Ke4 70. Bf8 Kf5 71. Bb4 Be3 72. Be1 Ke4 73. Kg3 Kf5 74. Bc3 Bf4+ 75. Kg2 Bg5 76. Bd4 Be7 77. Bb6 Bd6 78.
Bd4 Ke4 79. Bb6 Kf5 80. Ba7 Kg5 81. Bb6 Kf5 1/2-1/2

[Event "Early-Titled-Tuesday-Blitz-February-20-2024"]
[Site "Chess.com"]
[Date "2024.02.20"]
[Round "9"]
[White "artin10862"]
[Black "MyDream003"]
[Result "1-0"]
[WhiteElo "2917"]
[BlackElo "2745"]
[TimeControl "180+1"]
[EndTime "9:47:10 PST"]
[Termination "artin10862 won by checkmate"]

1. d4 Nf6 2. c4 e6 3. Nc3 Bb4 4. Bd2 O-O 5. e3 b6 6. Nge2 Bb7 7. a3 Be7 8. Ng3 d5 9. cxd5 exd5 10. Nf5 Ba6 11. Bxa6 Nxa6 12. Qa4 Nb8 13. O-O c6 14.
Rac1 Re8 15. Nxe7+ Qxe7 16. f3 Qb7 17. Ne2 a5 18. Rc3 Ra7 19. Rfc1 Qa6 20. Ng3 h5 21.
Be1 h4 22. Nf5 h3 23. Qc2 g6 24. Bh4 Nh7 25. Nh6+ Kg7 26. Ng4 Qc8 27. Bg3 Rae7 28. gxh3 Ng5 29. Kg2 f5 30. Ne5 f4 31. Qxg6+ Kf8 32.
Qf6+ Rf7 33. Ng6+ Kg8 34. Qh8# 1-0

[Event "Early-Titled-Tuesday-Blitz-February-20-2024"]
[Site "Chess.com"]
[Date "2024.02.20"]
[Round "9"]
[White "wild3000"]
[Black "Viacheslav92"]
[Result "0-1"]
[WhiteElo "2426"]
[BlackElo "2552"]
[TimeControl "180+1"]
[EndTime "9:47:10 PST"]
[Termination "Viacheslav92 won by checkmate"]

1. d4 Nf6 2. Nf3 e6 3. e3 c5 4. Be2 cxd4 5. exd4 b6 6. O-O Bb7 7. c4 Be7 8. Nc3 O-O 9. d5 exd5 10. cxd5 Bc5 11. Bg5 h6 12. Bh4 d6 13. Ne4 Nbd7 14. a3 a5 15. Bb5 Bc8 16. Bxd7 Bxd7 17. Nxf6+ gxf6 18. b4 axb4 19. axb4 Rxa1 20. Qxa1 Bxb4 21.
Bxf6 Qa8 22. Qd4 Bc5 23. Qf4 Kh7 24. Qe4+ Kg8 25. Ra1 Qe8 26. Qh4 Kh7 27. Re1 Qa8 28. Ng5+ Kg6 29. Qg3 Qa3 30. Bc3 hxg5 31. h4 f6 32. Re7 Qc1+ 33. Kh2 Qf4 34. Qxf4 gxf4 35. Rxd7 Re8 36. Kh3 Re2 37. f3 Rc2 38. Ba1 Rc1 39.
Bb2 Rb1 40. Bc3 Kf5 41. Rf7 Rh1# 0-1

[Event "Early-Titled-Tuesday-Blitz-February-20-2024"]
[Site "Chess.com"]
[Date "2024.02.20"]
[Round "9"]
[White "IM_ArthurDW08"]
[Black "Rud_Makarian"]
[Result "1-0"]
[WhiteElo "2827"]
[BlackElo "3070"]
[TimeControl "180+1"]
[EndTime "9:47:13 PST"]
[Termination "IM_ArthurDW08 won by checkmate"]

1. e4 c5 2. Nf3 d6 3. d4 cxd4 4.
Nxd4 Nf6 5. Nc3 a6 6. h4 h6 7.
Bc4 e6 8. a3 Qc7 9. Ba2 Nc6 10.
Be3 Be7 11. Qe2 Bd7 12. O-O-O Rc8 13. g4 Ne5 14. g5 Nfg4 15. Bd2 Qb6 16. gxh6 gxh6 17.
f3 Qxd4 18. fxg4 Qc5 19. Be3 Qa5 20. Bd4 b5 21. g5 b4 22. axb4 Qxb4 23. Bxe5 dxe5 24.
Qxa6 Rb8 25. Bb3 Qb7 26. Qa5 O-O 27. Qxe5 Kh7 28. gxh6 Rg8 29. Rhf1 Be8 30. Rg1 Bf8 31. Rxg8 Kxg8 32. Rg1+ Kh7 33. Rg7+ Kxh6 34. Qg5# 1-0

[Event "Early-Titled-Tuesday-Blitz-February-20-2024"]
[Site "Chess.com"]
[Date "2024.02.20"]
[Round "9"]
[White "Carlitus2004"]
[Black "guillembaches"]
[Result "1/2-1/2"]
[WhiteElo "2394"]
[BlackElo "2526"]
[TimeControl "180+1"]
[EndTime "9:47:13 PST"]
[Termination "Game drawn by repetition"]

1. Nf3 d5 2. g3 Nf6 3. Bg2 e6 4. O-O Be7 5. d3 c5 6. Bf4 Nc6 7. Ne5 Nxe5 8. Bxe5 Bd6 9. Bxd6 Qxd6 10. c4 O-O 11.
Nc3 b6 12. d4 Bb7 13. dxc5 bxc5 14. cxd5 exd5 15. Rc1 Rad8 16. Qb3 Ba6 17. Rfe1 d4 18. Ne4 Nxe4 19. Bxe4 Rfe8 20. Bd3 Rb8 21. Qa3 Bxd3 22. exd3 Rxe1+ 23. Rxe1 Qb6 24. Re5 g6 25. Rxc5 Kg7 26.
b3 Re8 27. Rc1 Re2 28. Qa4 h5 29. h4 Qf6 30. Rf1 Rd2 31. Qxa7 Rxd3 32. Qd7 Qf3 33. b4 Rd1 34. b5 d3 35. Qd4+ Kh7 36. Rxd1 Qxd1+ 37. Kg2 d2 38. b6 Qe2 39. b7 d1=Q 40. Qxd1 Qxd1 41. b8=Q Qd5+ 42. Kg1 Qxa2 43. Qf4 Qe6 44. Qf3 Kg8 45. Kg2 Qe7 46. Qf4 Qe6 47. Qf3 Qe7 48. Qf4 Qe6 49. Qf3 1/2-1/2

[Event "Early-Titled-Tuesday-Blitz-February-20-2024"]
[Site "Chess.com"]
[Date "2024.02.20"]
[Round "9"]
[White "Shuvalov"]
[Black "David_George21"]
[Result "0-1"]
[WhiteElo "2510"]
[BlackElo "2356"]
[TimeControl "180+1"]
[EndTime "9:47:13 PST"]
[Termination "David_George21 won by resignation"]

1. d4 Nf6 2. c4 e6 3. Nc3 Bb4 4. e3 O-O 5. a3 Bxc3+ 6. bxc3 c5 7. Ne2 d6 8. Ng3 Nc6 9. Ra2 b6 10. e4 e5 11. d5 Na5 12. Bd3 Ba6 13. Qe2 Qd7 14.
a4 h6 15. Nf5 Kh7 16. g4 Ng8 17. g5 g6 18. Nxh6 Nxh6 19. gxh6 f5 20. Bg5 fxe4 21.
Qxe4 Rf5 22. h4 Raf8 23. Rg1 Kh8 24. Be3 Qf7 25. h5 Rxh5 26. Rxg6 Bc8 27. Rg7 Bf5 28. Rxf7 Rxf7 29. Qg2 Bxd3 30. Qg4 Rh1+ 31. Kd2 e4 32. Qd1 Nxc4+ 33. Kc1 Rxd1+ 34. Kxd1 Nxe3+ 35. fxe3 Rf1+ 36.
Kd2 Rf2+ 37. Kc1 Rxa2 0-1

[Event "Early-Titled-Tuesday-Blitz-February-20-2024"]
[Site "Chess.com"]
[Date "2024.02.20"]
[Round "9"]
[White "GelmanAlexander"]
[Black "Skatchkov_V"]
[Result "0-1"]
[WhiteElo "2739"]
[BlackElo "2630"]
[TimeControl "180+1"]
[EndTime "9:47:15 PST"]
[Termination "Skatchkov_V won on time"]

1. d4 Nf6 2. Nc3 d5 3. Bf4 a6 4. e3 c5 5. Nf3 Nc6 6. Ne5 Qb6 7. Nxc6 Qxc6 8. Be2 g6 9. Bf3 Be6 10. Qd2 Bg7 11. O-O-O O-O 12. Be5 Rfd8 13. h4 b5 14. h5 b4 15. Ne2 Qa4 16. Kb1 c4 17. b3 Qb5 18. Nf4 Bf5 19. Bxf6 exf6 20. g4 Bc8 21. hxg6 hxg6 22. e4 dxe4 23. Bxe4 Bxg4 24. Rdg1 Bf5 25. bxc4 Qd7 26. Bd5 Rab8 27. Nxg6 b3 28. axb3 Rxb3+ 29. Kc1 Qa4 30. Rh8+ Bxh8 31. Qh6 Rb1+ 32. Kd2 Qxc2+ 33. Ke3 Rb3+ 34. Kf4 Qxf2+ 0-1

[Event "Early-Titled-Tuesday-Blitz-February-20-2024"]
[Site "Chess.com"]
[Date "2024.02.20"]
[Round "9"]
[White "tsaruk_maks"]
[Black "Huragan007"]
[Result "1-0"]
[WhiteElo "2750"]
[BlackElo "2609"]
[TimeControl "180+1"]
[EndTime "9:47:15 PST"]
[Termination "tsaruk_maks won by checkmate"]

1. e4 c5 2. Nf3 d6 3. d4 cxd4 4.
Nxd4 Nf6 5. Nc3 g6 6. Be3 Bg7 7.
Bc4 O-O 8. f3 Nc6 9. Qd2 Bd7 10.
Bb3 Na5 11. O-O-O Rb8 12. Kb1 b5 13. h4 Nc4 14. Bxc4 bxc4 15. Ka1 Qb6 16. Rb1 Qb4 17.
Bh6 Bxh6 18. Qxh6 Rb6 19. h5 Ra6 20. hxg6 fxg6 21. f4 e5 22. Nf3 Ba4 23. Nd5 Qb7 24.
Nxf6+ Rxf6 25. fxe5 Bxc2 26. a3 Rf7 27. e6 Re7 28. Nd4 Bxb1 29. Rf1 Qc8 30. Qg5 Rxe6 31. Nxe6 Bxe4 32. Qe7 Bf5 33. Qg7# 1-0

[Event "Early-Titled-Tuesday-Blitz-February-20-2024"]
[Site "Chess.com"]
[Date "2024.02.20"]
[Round "9"]
[White "whiteglovethief"]
[Black "TemploVillamarin"]
[Result "1-0"]
[WhiteElo "2443"]
[BlackElo "2104"]
[TimeControl "180+1"]
[EndTime "9:47:15 PST"]
[Termination "whiteglovethief won by checkmate"]

1. d4 f5 2. c4 e6 3. g3 Nf6 4.
Bg2 Be7 5. Nf3 O-O 6. O-O d6 7. b3 Qe8 8. Bb2 Qh5 9. Nc3 f4 10. gxf4 Ng4 11. e3 e5 12. Nd5 e4 13. Nxe7+ Kh8 14. h3 exf3 15. Qxf3 Be6 16. d5 Bd7 17.
hxg4 Bxg4 18. Qg3 Rf7 19. f3 Bd7 20. Kf2 Rxe7 21. Rh1 Qf7 22. Qh4 Kg8 23. Qxh7+ Kf8 24. Qh8+ Qg8 25. e4 Na6 26. Rh7 Nc5 27. Bd4 Rae8 28. f5 Qxh8 29. Rxh8+ Kf7 30. Rxe8 Rxe8 31. Bxc5 dxc5 32. Rh1 Kf6 33. f4 c6 34. e5+ Kxf5 35.
Bh3+ Kxf4 36. Bxd7 Rxe5 37. dxc6 bxc6 38. Bxc6 g5 39. Rh7 Kg4 40. Rxa7 Re6 41. Bd7 Kf4 42. Bxe6 g4 43. Bxg4 Ke5 44. Rd7 Ke4 45. a4 Ke5 46. a5 Ke4 47. a6 Ke5 48. a7 Kf6 49. b4 Ke5 50. a8=Q cxb4 51. Qd5+ Kf6 52. Qf5# 1-0

[Event "Early-Titled-Tuesday-Blitz-February-20-2024"]
[Site "Chess.com"]
[Date "2024.02.20"]
[Round "9"]
[White "AnishOnYoutube"]
[Black "Jospem"]
[Result "1-0"]
[WhiteElo "3040"]
[BlackElo "3089"]
[TimeControl "180+1"]
[EndTime "9:47:16 PST"]
[Termination "AnishOnYoutube won by checkmate"]

1. Nf3 Nf6 2. c4 b6 3. d4 Bb7 4.
g3 e6 5. Bg2 Bb4+ 6. Bd2 Bxd2+ 7. Qxd2 O-O 8. O-O d6 9. Rd1 Nbd7 10. Qd3 Be4 11. Qe3 Bb7 12. Nc3 Qe7 13. Rac1 Rfd8 14. h3 Rab8 15. b3 a6 16. d5 Re8 17. dxe6 fxe6 18.
Nd4 Bxg2 19. Kxg2 Qf7 20. Nc6 Ra8 21. b4 e5 22. Nd5 Nxd5 23. cxd5 Nf6 24. Qb3 Kh8 25.
a4 Rf8 26. Rc3 Rae8 27. a5 b5 28. Rf3 h6 29. g4 Qg6 30. Rg3 Nh7 31. Rf3 Ng5 32.
Rxf8+ Rxf8 33. Qd3 Qf6 34. Qe3 Kg8 35. Rc1 h5 36. h4 Ne4 37. f3 Qxh4 38. Qxe4 Rf4 39. Qg6 hxg4 40. Rh1 gxf3+ 41. exf3 Qf6 42. Qe8+ Qf8 43.
Ne7# 1-0

[Event "Early-Titled-Tuesday-Blitz-February-20-2024"]
[Site "Chess.com"]
[Date "2024.02.20"]
[Round "9"]
[White "Karttunen"]
[Black "Nouali_Mohamed"]
[Result "1-0"]
[WhiteElo "2682"]
[BlackElo "2540"]
[TimeControl "180+1"]
[EndTime "9:47:16 PST"]
[Termination "Karttunen won on time"]

1. e4 c5 2. Nf3 Nc6 3. Bb5 Qc7 4. Nc3 e6 5. Bxc6 Qxc6 6. d4 cxd4 7. Nxd4 Qc7 8. O-O a6 9. f4 Bc5 10. Kh1 b5 11. a3 Bb7 12. Nb3 Bb6 13. Qg4 Kf8 14.
f5 Nf6 15. Qh4 h5 16. Bg5 Ng4 17. Rad1 exf5 18. Rxf5 Kg8 19. Rdf1 f6 20. Bf4 Qc4 21. Bc1 Re8 22. h3 Ne3 23. Bxe3 Bxe3 24. Qg3 Bg5 25. h4 Bh6 26. Rxf6 Bxe4 27. Nxe4 Qxe4 28. Nc5 Qe7 29. Rd6 Be3 30. Nd3 Rd8 31. Re1 Re8 32.
Rd5 1-0

[Event "Early-Titled-Tuesday-Blitz-February-20-2024"]
[Site "Chess.com"]
[Date "2024.02.20"]
[Round "9"]
[White "DmitriiZakurdaev"]
[Black "marsofsilva"]
[Result "1-0"]
[WhiteElo "2432"]
[BlackElo "2191"]
[TimeControl "180+1"]
[EndTime "9:47:16 PST"]
[Termination "DmitriiZakurdaev won on time"]

1. d4 d5 2. c4 e6 3. Nc3 Nf6 4. Nf3 a6 5. c5 b6 6. cxb6 c5 7. Bf4 Bd6 8. Bxd6 Qxd6 9. dxc5 Qxc5 10. Qb3 Bb7 11. e3 Nbd7 12. Be2 Nxb6 13. O-O O-O 14.
Rfc1 Qd6 15. a4 Rab8 16. a5 Nbd7 17. Na4 Ne4 18. Nb6 Nxb6 19. Qxb6 Bc8 20. Qxd6 Nxd6 21. Rc6 Nc4 22. Bxc4 dxc4 23. Ra2 Bb7 24. Rb6 Bd5 25.
Ra4 Rfc8 26. Rab4 Rxb6 27. axb6 c3 28. bxc3 Rxc3 29. Kf1 Bb7 30. Nd4 Kf8 31. Nb3 Ke7 32. Na5 Bd5 33. e4 1-0

[Event "Early-Titled-Tuesday-Blitz-February-20-2024"]
[Site "Chess.com"]
[Date "2024.02.20"]
[Round "9"]
[White "viktorskliarov"]
[Black "Cambek64"]
[Result "1-0"]
[WhiteElo "2588"]
[BlackElo "2465"]
[TimeControl "180+1"]
[EndTime "9:47:17 PST"]
[Termination "viktorskliarov won by resignation"]

1. e4 e6 2. d4 d5 3. e5 c5 4. c3 b6 5. a4 Ba6 6. Bxa6 Nxa6 7. a5 b5 8. dxc5 Nxc5 9. Nf3 a6 10. O-O Ne7 11. Nd4 Qc7 12. f4 g6 13. Na3 Ne4 14. Nac2 Nc6 15. Be3 Be7 16. Nxc6 Qxc6 17. Nd4 Qc4 18.
Rc1 O-O 19. Qf3 Qc7 20. g4 Rac8 21. b4 Qd7 22. f5 exf5 23. gxf5 gxf5 24. Nxf5 Kh8 25.
Kh1 Rg8 26. Nh6 Rcf8 27. Bd4 Qe6 28. Nxf7+ Rxf7 29. Qxf7 Qh3 30. e6+ Bf6 31. Bxf6+ Nxf6 32. Qxf6+ Rg7 33. Qf8+ Rg8 34. Qf3 1-0

[Event "Early-Titled-Tuesday-Blitz-February-20-2024"]
[Site "Chess.com"]
[Date "2024.02.20"]
[Round "9"]
[White "KorolDimitriy75"]
[Black "ajedrez-facil"]
[Result "1-0"]
[WhiteElo "2441"]
[BlackElo "2252"]
[TimeControl "180+1"]
[EndTime "9:47:17 PST"]
[Termination "KorolDimitriy75 won by resignation"]

1. d4 d5 2. c4 c6 3. Nc3 Nf6 4. e3 Bf5 5. Nf3 e6 6. Bd3 Bxd3 7. Qxd3 Nbd7 8. O-O Bd6 9. e4 dxe4 10. Nxe4 Nxe4 11.
Qxe4 Nf6 12. Qe2 h6 13. b3 O-O 14. Bb2 Be7 15. Rad1 Re8 16. Rd3 Qa5 17. Bc3 Qh5 18.
h3 Rad8 19. Rfd1 a6 20. Qe3 Nh7 21. Ne5 Bf6 22. Qg3 Qg5 23. Qf3 Qf5 24. Qxf5 exf5 25. Nf3 Ng5 26. Nxg5 Bxg5 27. Kf1 Kf8 28. Bb4+ Be7 29.
Ba5 Rd7 30. d5 cxd5 31. Rxd5 Rxd5 32. Rxd5 g6 33. Rd7 b5 34. g3 bxc4 35. bxc4 Rc8 36.
Ra7 Rxc4 37. Rxa6 Rc2 38. a4 Bc5 39. Be1 Rc1 40. Rc6 Ke7 41. Rxc5 Rxc5 42. Bb4 Kd6 43.
Ke2 Kc6 44. Bxc5 Kxc5 45. Kd3 Kb4 46. Kd4 f6 47. Kd5 g5 48. Ke6 f4 49. Kxf6 fxg3 50. fxg3 Kxa4 51. Kg6 Kb5 52. Kxh6 Kc6 53. Kxg5 1-0

[Event "Early-Titled-Tuesday-Blitz-February-20-2024"]
[Site "Chess.com"]
[Date "2024.02.20"]
[Round "9"]
[White "LuisFSiles"]
[Black "bazar-wokzal"]
[Result "0-1"]
[WhiteElo "2338"]
[BlackElo "2691"]
[TimeControl "180+1"]
[EndTime "9:47:19 PST"]
[Termination "bazar-wokzal won on time"]

1. e4 Nc6 2. Nf3 d5 3. exd5 Qxd5 4. Nc3 Qa5 5. Bb5 Bd7 6. d4 a6 7. Bxc6 Bxc6 8. d5 O-O-O 9. O-O e6 10. Bd2 Bxd5 11. Ne5 Bxg2 12. Nxf7 Bxf1 13. Nxd8 Kxd8 14.
Ne4 Qd5 15. Qf3 Nf6 16. Bg5 Kc8 17. Bxf6 gxf6 18. Rd1 Qf5 19. Qe3 Bb5 20. Ng3 Rg8 21. Qa7 Rxg3+ 22. hxg3 Bd6 23. Qa8+ Kd7 24. Qxb7 Bc6 25.
Qb3 Qe4 26. f3 Qxf3 27. Qxf3 Bxf3 28. Rd4 f5 29. Ra4 Bxg3 30. Rxa6 e5 31. a4 h5 32. Rh6 h4 33. a5 e4 34. a6 e3 0-1

[Event "Early-Titled-Tuesday-Blitz-February-20-2024"]
[Site "Chess.com"]
[Date "2024.02.20"]
[Round "9"]
[White "Grischuk"]
[Black "maciek_92"]
[Result "0-1"]
[WhiteElo "3067"]
[BlackElo "2828"]
[TimeControl "180+1"]
[EndTime "9:47:20 PST"]
[Termination "maciek_92 won by resignation"]

1. d4 Nf6 2. c4 e6 3. Bg5 c5 4. d5 exd5 5. cxd5 d6 6. e4 Nbd7 7.
Nc3 h6 8. Bf4 a6 9. a4 Qa5 10.
Bd2 Be7 11. f4 O-O 12. Nf3 Re8 13. Bd3 c4 14. Bc2 Bf8 15. O-O Rb8 16. Kh1 Qc5 17. a5 b5 18. axb6 Nxb6 19. h3 Nbd7 20. Qe1 Qc7 21. Ra2 Nc5 22. e5 Bb7 23. Qg3 Nxd5 24.
Nxd5 Bxd5 25. Bc3 Be4 26. Bxe4 Nxe4 27. Qe1 Qc6 28. Ra5 Nc5 29. Qg3 dxe5 30. fxe5 Ne4 31.
Qe1 Bc5 32. Kh2 Rb5 33. Ra1 Rd8 34. Qh4 Rbb8 35. Rae1 Nxc3 36. bxc3 Qe6 37. Ra1 Rd3 38. Rfc1 Rxf3 39. gxf3 Rb2+ 40. Kh1 Qxe5 0-1

[Event "Early-Titled-Tuesday-Blitz-February-20-2024"]
[Site "Chess.com"]
[Date "2024.02.20"]
[Round "9"]
[White "falzehope0"]
[Black "OneTrickPony_82"]
[Result "1-0"]
[WhiteElo "2425"]
[BlackElo "2530"]
[TimeControl "180+1"]
[EndTime "9:47:20 PST"]
[Termination "falzehope0 won by checkmate"]

1. d4 Nf6 2. e3 d5 3. Bd3 c5 4. c3 Nbd7 5. f4 Qc7 6. Nf3 e6 7. O-O Be7 8. Ne5 b6 9. Nd2 Bb7 10. Qf3 O-O 11. g4 Ne8 12. g5 Nd6 13. Qh5 f5 14.
Rf3 Rfe8 15. Nxd7 Qxd7 16. Rh3 h6 17. Qg6 Bf8 18. Rxh6 Ne4 19. Nf3 Bd6 20. Bb5 Qf7 21. Qh7+ Kf8 22. Bxe8 Rxe8 23. g6 Qf6 24. Rh5 cxd4 25.
cxd4 Rc8 26. Bd2 Rc2 27. Rc1 Nxd2 28. Rxc2 Nxf3+ 29. Kf2 Nxd4 30. Rc1 Nc6 31. Qh8+ Ke7 32. Rh7 Kd7 33. Qxg7+ Qxg7 34. Rxg7+ Ne7 35. Rf7 Ke8 36. Rg7 d4 37. h4 dxe3+ 38. Kxe3 Nd5+ 39. Kf3 Nxf4+ 40. Rxb7 Nd5 41. Rc8# 1-0

[Event "Early-Titled-Tuesday-Blitz-February-20-2024"]
[Site "Chess.com"]
[Date "2024.02.20"]
[Round "9"]
[White "Grande_Strategia"]
[Black "Doublekk14"]
[Result "1-0"]
[WhiteElo "2522"]
[BlackElo "2314"]
[TimeControl "180+1"]
[EndTime "9:47:21 PST"]
[Termination "Grande_Strategia won on time"]

1. f3 d5 2. Kf2 Nc6 3. g3 e5 4.
Bh3 f5 5. d3 Nf6 6. Kf1 a5 7. Bg5 h6 8. Bxf6 Qxf6 9. Nd2 Bc5 10. Bg2 O-O 11. c3 f4 12. g4 Qh4 13.
Qe1 Qf6 14. h4 Be3 15. Nh3 g5 16. Nf2 Bd7 17. Nd1 d4 18. Ne4 Qe7 19. hxg5 hxg5 20. Rh5 Kf7 21. Nxg5+ Ke8 22. Qh4 Kd8 23. Rh7 Qf6 24.
Nxe3 dxe3 25. Ne4 Qxh4 26. Rxh4 b6 27. Bh3 Kc8 28. g5 Bxh3+ 29. Rxh3 Kb7 30. Kg2 Ne7 31. Rh7 Nf5 32. Rah1 Rg8 33. R1h5 Rg6 34. Kh3 Nd6 35. R5h6 Rxh6+ 36. Rxh6 Nxe4 37. dxe4 Rd8 38. g6 1-0

[Event "Early-Titled-Tuesday-Blitz-February-20-2024"]
[Site "Chess.com"]
[Date "2024.02.20"]
[Round "9"]
[White "regenda"]
[Black "N4700000"]
[Result "1-0"]
[WhiteElo "2280"]
[BlackElo "2452"]
[TimeControl "180+1"]
[EndTime "9:47:21 PST"]
[Termination "regenda won on time"]

1. e4 d5 2. exd5 Nf6 3. Nc3 Nxd5 4. d4 Nxc3 5. bxc3 g6 6. Be3 Bg7 7. Rb1 O-O 8. h4 Nd7 9. h5 Nf6 10. hxg6 hxg6 11. Be2 b6 12. a4 Bb7 13. Bf3 Bd5 14.
a5 Re8 15. c4 Bxc4 16. Bxa8 Qxa8 17. Nf3 Ng4 18. Rb4 b5 19. Qd2 e5 20. Rxc4 bxc4 21. O-O Nxe3 22. fxe3 exd4 23. exd4 Qd5 24. Qf2 c3 25. a6 Re4 26. Rd1 Bh6 27. Rd3 Qb5 28.
d5 Qxa6 29. Kh2 Qd6+ 30. Kg1 Qb6 31. Qxb6 cxb6 32. d6 Re8 33. d7 Rd8 34. Ne5 1-0